 Dungeon Crawl Stone Soup version 0.30-a0-643-g638baaf3f0 (webtiles) character file.

Game seed: 3544854074788727148

7 Fenrisus the Trooper (level 2, -1/29 HPs)
             Began as a Gnoll Wanderer on Jan 15, 2023.
             Slain by a quokka (3 damage)
             ... on level 1 of the Dungeon.
             The game lasted 00:02:08 (313 turns).

Fenrisus the Trooper (Gnoll Wanderer)                Turns: 313, Time: 00:02:08

Health: -1/29      AC:  2    Str: 11    XL:     2   Next: 0%
Magic:  7/7        EV:  8    Int: 12    God:
Gold:   39         SH:  6    Dex: 10    Spells: 9/10 levels left

rFire   . . .      SeeInvis .    a - +0 club
rCold   . . .      Faith    .    e - +2 buckler
rNeg    . . .      Spirit   .    d - +0 robe
rPois   .          Reflect  .    (no helmet)
rElec   .          Harm     .    (no cloak)
rCorr   .          Rampage  .    (no gloves)
Will    .....                    (no boots) Stlth
                                 (no amulet)
HPRegen 0.24/turn                (no ring)
MPRegen 0.10/turn                (no ring)

@: silenced, constricted
A: fangs 1, strong nose, distributed training
a: no special abilities


You were on level 1 of the Dungeon.
You visited 1 branch of the dungeon, and saw 1 of its levels.

You collected 39 gold pieces.

Inventory:

Hand Weapons
 a - a +0 club (weapon)
Armour
 d - a +0 robe (worn)
 e - a +2 buckler (worn)
Jewellery
 h - a +6 ring of strength
Scrolls
 f - a scroll of fog {unknown}
 g - a scroll of teleportation {unknown}
 i - a scroll of immolation {unknown}
Potions
 c - a potion of attraction


   Skills:
 + Level 6.4 Fighting
 + Level 0.2 Short Blades
 + Level 0.2 Long Blades
 + Level 0.2 Axes
 + Level 0.2 Maces & Flails
 + Level 0.2 Polearms
 + Level 0.2 Staves
 + Level 0.2 Ranged Weapons
 + Level 0.2 Throwing
 + Level 2.4 Armour
 + Level 0.2 Dodging
 + Level 0.2 Stealth
 + Level 4.4 Shields
 + Level 0.2 Unarmed Combat
 + Level 4.9 Spellcasting
 + Level 0.1 Conjurations
 + Level 0.1 Hexes
 + Level 0.1 Summonings
 + Level 0.1 Necromancy
 + Level 0.1 Translocations
 + Level 3.6 Transmutations
 + Level 0.1 Fire Magic
 + Level 0.1 Ice Magic
 + Level 0.1 Air Magic
 + Level 0.1 Earth Magic
 + Level 0.1 Poison Magic
 + Level 0.3 Invocations
 + Level 0.2 Evocations


You had 9 spell levels left.
You knew the following spells:

 Your Spells              Type           Power      Damage    Failure   Level
a - Sting                 Tmut/Pois      28%        1d4       12%         1

Your spell library contained the following spells:

 Spells                   Type           Power      Damage    Failure   Level
 Spider Form              Tmut/Pois      7%         N/A       34%         3
 Dazzling Flash           Conj/Hex       6%         N/A       58%         3
 Iskenderun's Mystic Bla  Conj/Tloc      3%         2d3       94%         4
 Starburst                Conj/Fire      1%         6d3       100%        6


Dungeon Overview and Level Annotations

Branches:
Dungeon (1/15)

Altars:


Innate Abilities, Weirdness & Mutations

You have very sharp teeth.
Your uncanny sense of smell can sniff out nearby items.
Your experience applies equally to all skills.


Message History

The ball python grabs you. The ball python constricts you.
There is an open door here.
Read: scroll of silence
Press: ? - help, Q - select action, (/) - cycle Dir - look around, f - activate
As you read the scroll of silence, it crumbles to dust.
A profound silence engulfs you.
The quokka bites you but does no damage.
The ball python barely misses you. The ball python constricts you.
You closely miss the ball python. The quokka bites you.
* * * LOW HITPOINT WARNING * * *
The ball python barely misses you. The ball python constricts you.
* * * LOW HITPOINT WARNING * * *
The quokka closely misses you.
You escape the ball python's grasp.
You block the ball python's attack. The ball python grabs you.
The ball python constricts you.
* * * LOW HITPOINT WARNING * * *
You escape the ball python's grasp.
Magic scrolls do not work when you're silenced!
The quokka attacks as you move away! The quokka barely misses you.
The ball python attacks as you move away!
The ball python bites you.
* * * LOW HITPOINT WARNING * * *
You block the ball python's attack.
The ball python attacks as you move away!
You block the ball python's attack. The quokka attacks as you move away!
You block the quokka's attack.
The ball python attacks as you move away!
You block the ball python's attack. The ball python barely misses you.
The quokka bites you.
* * * LOW HITPOINT WARNING * * *
The ball python closely misses you. The ball python misses you.
You barely miss the ball python. The quokka barely misses you.
You block the ball python's attack. x2
You barely miss the ball python. The quokka closely misses you.
The ball python bites you.
* * * LOW HITPOINT WARNING * * *
The ball python grabs you. The ball python constricts you.
The quokka bites you.
You die...

##.#.#........# ####....## #.#.#
#..[.#........# #..[.....####.# #
#....#........# ########...##.# #
#....'........# #.............#.#
.....#........###.#########..##.#
..####........#...# #....###.#...
. #............# #.##.###.....
#............###.#..........
######....S@.'...#..####....
####....r..#####..####..##
#...........# #..........
#...........## #.######.#.
#.............##.######.#.
#.............##..........
#.............#####.....##
#.............# #.#####.
#.............# #.# #.


You could see a quokka and a ball python.

Vanquished Creatures
  A hobgoblin (D:1)
  2 ball pythons (D:1)
  2 frilled lizards (D:1)
  3 rats (D:1)
8 creatures vanquished.

Notes
Turn   | Place    | Note
-------+----------+-------------------------------------------
     0 | D:1      | Fenrisus the Gnoll Wanderer began the quest for the Orb.
     0 | D:1      | Fenrisus set off with the following items: a +0 club, a
                  | scroll of silence, a potion of attraction, a +0 robe, a +2
                  | buckler; and the following spell memorised: Sting; and the
                  | following spells available to memorise: Spider Form.
     0 | D:1      | Reached XP level 1. HP: 23/23 MP: 6/6
   212 | D:1      | Reached XP level 2. HP: 29/29 MP: 7/7
   313 | D:1      | Slain by a quokka

Illustrated notes

Levels and vault maps discovered:
D:1:      minmay_arrival_open_corners, layout_basic, minmay_tripent

Action                   || total
-------------------------++-------
Melee: Club              ||    33
  Use: Scroll            ||     1
Armor: Robe              ||     8
Dodge: Dodged            ||    26
Block: Buckler           ||    22

Table legend: (Time is in decaauts)
 A = Elapsed time spent in this place.
 B = Non-inter-level travel time spent in this place.
 C = Inter-level travel time spent in this place.
 D = Time resting spent in this place.
 E = Time spent auto-exploring this place.
 F = Levels seen in this place.
 G = Mean time per level.
                   A        B        C        D        E       F      G
               +--------+--------+--------+--------+--------+-----+--------+
         Total |    323 |     93 |    230 |      0 |      0 |   1 |  323.0 |
       Dungeon |    323 |     93 |    230 |      0 |      0 |   1 |  323.0 |
               +--------+--------+--------+--------+--------+-----+--------+

Top non-repeatable levels by time:
     D:1: 323 daAuts
